[gd_scene load_steps=18 format=2]

[ext_resource path="res://Assets/character/enemies - friends/jack/Idle (6).png" type="Texture" id=1]
[ext_resource path="res://Assets/character/enemies - friends/jack/Idle (8).png" type="Texture" id=2]
[ext_resource path="res://Assets/character/enemies - friends/jack/Idle (4).png" type="Texture" id=3]
[ext_resource path="res://Assets/character/enemies - friends/jack/Idle (2).png" type="Texture" id=4]
[ext_resource path="res://Assets/character/enemies - friends/jack/Idle (9).png" type="Texture" id=5]
[ext_resource path="res://Assets/character/enemies - friends/jack/Idle (3).png" type="Texture" id=6]
[ext_resource path="res://Assets/character/enemies - friends/jack/Idle (5).png" type="Texture" id=7]
[ext_resource path="res://Assets/character/enemies - friends/jack/Idle (7).png" type="Texture" id=8]
[ext_resource path="res://Assets/character/enemies - friends/jack/Idle (1).png" type="Texture" id=9]
[ext_resource path="res://Assets/character/enemies - friends/jack/Idle (10).png" type="Texture" id=10]
[ext_resource path="res://Assets/Fonts/offer1.tres" type="DynamicFont" id=11]
[ext_resource path="res://Assets/Fonts/Raw/PersonifiedUXRegular.ttf" type="DynamicFontData" id=12]
[ext_resource path="res://Scripts/Level1/OfferYes.gd" type="Script" id=13]
[ext_resource path="res://Scripts/Level1/MenuBack.gd" type="Script" id=14]

[sub_resource type="SpriteFrames" id=1]
animations = [ {
"frames": [ ExtResource( 9 ), ExtResource( 4 ), ExtResource( 6 ), ExtResource( 3 ), ExtResource( 7 ), ExtResource( 1 ), ExtResource( 8 ), ExtResource( 2 ), ExtResource( 5 ), ExtResource( 10 ) ],
"loop": true,
"name": "Diri Kanan",
"speed": 10.0
} ]

[sub_resource type="DynamicFont" id=2]
size = 40
font_data = ExtResource( 12 )

[sub_resource type="DynamicFont" id=3]
size = 50
font_data = ExtResource( 12 )

[node name="Control" type="Control"]
anchor_right = 1.0
anchor_bottom = 1.0
__meta__ = {
"_edit_use_anchors_": false
}

[node name="ColorRect" type="ColorRect" parent="."]
anchor_right = 1.0
anchor_bottom = 1.0
color = Color( 0.34902, 0, 0, 1 )
__meta__ = {
"_edit_use_anchors_": false
}

[node name="Label" type="Label" parent="."]
margin_left = 80.7261
margin_top = 53.8174
margin_right = 934.726
margin_bottom = 148.817
custom_fonts/font = ExtResource( 11 )
custom_constants/line_spacing = 11
text = "Pilihanmu Salah. 
Kamu memilih tidak membantu."
align = 1
__meta__ = {
"_edit_use_anchors_": false
}

[node name="AnimatedSprite" type="AnimatedSprite" parent="."]
position = Vector2( 338.04, 381.767 )
scale = Vector2( 0.575921, 0.572388 )
frames = SubResource( 1 )
animation = "Diri Kanan"
frame = 2
playing = true

[node name="Label2" type="Label" parent="."]
margin_left = 534.727
margin_top = 272.817
margin_right = 1011.73
margin_bottom = 374.817
custom_fonts/font = SubResource( 2 )
custom_colors/font_color = Color( 1, 1, 1, 1 )
custom_constants/line_spacing = 9
text = "Nyawamu berkurang satu.
Apakah kamu akan
mencoba kembali?"
__meta__ = {
"_edit_use_anchors_": false
}

[node name="IYA" type="Button" parent="."]
margin_left = 548.727
margin_top = 439.053
margin_right = 645.727
margin_bottom = 507.053
custom_fonts/font = SubResource( 3 )
text = "IYA"
script = ExtResource( 13 )
__meta__ = {
"_edit_use_anchors_": false
}
scene_to_load = "Offer1"

[node name="TIDAK" type="Button" parent="."]
margin_left = 747.178
margin_top = 437.271
margin_right = 900.178
margin_bottom = 505.271
custom_fonts/font = SubResource( 3 )
text = "TIDAK"
script = ExtResource( 14 )
__meta__ = {
"_edit_use_anchors_": false
}
scene_to_load = "MainMenu"
[connection signal="pressed" from="IYA" to="IYA" method="_on_IYA_pressed"]
[connection signal="pressed" from="TIDAK" to="TIDAK" method="_on_TIDAK_pressed"]
